 Dungeon Crawl Stone Soup version 0.21.1 (webtiles) character file.

294 pstr the Digger (level 6, -1/50 HPs)
             Began as a Naga Earth Elementalist on Feb 2, 2018.
             Slain by Edmund
             ... wielding a +2 dire flail of crushing
              (2 damage)
             ... on level 3 of the Dungeon.
             The game lasted 00:08:25 (4694 turns).

pstr the Digger (Naga Earth Elementalist)           Turns: 4694, Time: 00:08:26

Health: -1/50      AC:  4    Str: 10    XL:     6   Next: 33%
Magic:  8/12       EV: 10    Int: 18    God:
Gold:   105        SH:  0    Dex: 11    Spells: 9/13 levels left

rFire    . . .     SeeInvis +   f - +0 short sword (flame)
rCold    . . .     Gourm    .   (no shield)
rNeg     . . .     Faith    .   c - +0 robe
rPois    +         Spirit   .   (no helmet)
rElec    .         Reflect  .   u - +0 cloak
rCorr    .         Harm     .   (no gloves)
MR       +....                  (no barding)
Stlth    ++........             (no amulet)
HPRegen  0.16/turn              v - ring of protection from magic
MPRegen  0.13/turn              n - ring of flight

@: very slow
A: large, see invisible, deformed body, poison resistance, slowness 2, slow
metabolism 1, spit poison 1, AC +2
a: Spit Poison, Evoke Flight


You were on level 3 of the Dungeon.
You were not hungry.

You visited 1 branch of the dungeon, and saw 4 of its levels.

You collected 105 gold pieces.

Inventory:

Hand Weapons
 f - a +0 short sword of flaming (weapon)
 t - a +2 quarterstaff of chaos
Missiles
 b - 13 stones (quivered)
 k - 57 arrows
Armour
 c - a +0 robe (worn)
 u - a +0 cloak (worn)
 w - a +0 leather armour
Jewellery
 n - a ring of flight (right hand)
 p - an uncursed ring of positive energy
 v - a ring of protection from magic (left hand)
 y - an uncursed ring of positive energy
 z - an uncursed ring of resist corrosion {unknown}
Wands
 o - a wand of scattershot (4)
Scrolls
 g - a scroll of enchant weapon {unknown}
 i - 4 scrolls of identify {unknown}
 j - a scroll of remove curse
 q - a scroll of random uselessness {unknown}
 r - 5 scrolls of teleportation {unknown}
 x - 3 scrolls of fog {unknown}
Potions
 a - a potion of curing
 h - a potion of resistance {unknown}
 l - a potion of cancellation {unknown}
 m - a potion of degeneration {unknown}
 s - a potion of agility {unknown}
 A - a potion of heal wounds {unknown}
Books
 e - a book of Geomancy

   Spells                             Type                      Level
   a - Sandblast                      Earth                        1
   b - Passwall                       Transmutation/Earth          2
   c - Stone Arrow                    Conjuration/Earth            3
   d - Petrify                        Transmutation/Earth          4
   e - Lee's Rapid Deconstruction     Earth                        5
Comestibles
 d - 7 rations


   Skills:
 + Level 0.6 Fighting
 + Level 1.9 Dodging
 + Level 3.9 Stealth
 + Level 4.1 Spellcasting
 + Level 1.8 Conjurations
   Level 1.0 Transmutations
 + Level 4.5 Earth Magic


You had 9 spell levels left.
You knew the following spells:

 Your Spells              Type           Power        Failure   Level  Hunger
a - Sandblast             Erth           ###...       2%          1    None
b - Stone Arrow           Conj/Erth      ###...       12%         3    ###....


Dungeon Overview and Level Annotations

Branches:
Dungeon (4/15)
 Temple: D:4-7

Altars:
Ashenzari
Uskayaw

Annotations:
D:3 Edmund


Innate Abilities, Weirdness & Mutations

You cannot wear boots.
Your serpentine skin is tough. (AC +2)
You have supernaturally acute eyesight. (SInv)
Armour fits poorly on your strangely shaped body.
Your system is resistant to poisons. (rPois)
You cover ground very slowly.
You have a slow metabolism.
You can spit poison.


Message History

Press: ? - help, Shift-Dir - straight line, f/p - Edmund
Aim: Edmund, wielding a dire flail of crushing and wearing a scale mail (moderately wounded)
The blast of sand hits Edmund.
Edmund is moderately wounded.
b - 13 stones Edmund closely misses you.
As you read the scroll labeled WEKUUB NEGGA, it crumbles to dust.
You feel blessed for a moment.
It was a scroll of remove curse.
Edmund hits you with a dire flail of crushing!
* * * LOW HITPOINT WARNING * * *
x2 It was a potion of curing.
You feel better.
Edmund hits you with a dire flail of crushing.
* * * LOW HITPOINT WARNING * * *
x2 You feel better.
Edmund hits you with a dire flail of crushing!
* * * LOW HITPOINT WARNING * * *
x2 Edmund looks rather jealous.
Edmund hits you with a dire flail of crushing!
* * * LOW HITPOINT WARNING * * *
You die...

############............#
#.........##.#######....#
#....####.#..............
#........................
#....##.#.#.#######.#####
#.......#.#.........#.##.
#####....##.#.#.#.).......##.
#.............#..<#.#.###.##.
#.#######...@@..#.#.......##.
#.# #.........#.#...######.
#.### #......)..#.#.#.######.
#...# #.......[>[............
###.# #.........#............
#.# #.........#############
#.#######.............)....
#.......'....##############
#########....# ##


You could see Edmund.

Vanquished Creatures
  An ice beast (D:3)
  A howler monkey (D:3)
  An orc wizard (D:3)
  Crazy Yiuf (D:2)
  2 adders (D:3)
  2 worms (D:2)
  4 dart slugs
  3 leopard geckos
  5 orcs
  4 bats
  5 giant cockroaches
  12 hobgoblins
  2 quokkas (D:3)
  A ball python (D:3)
  4 frilled lizards
  6 goblins
  8 kobolds
  9 rats
  A fungus (D:2)
72 creatures vanquished.

Notes
Turn   | Place    | Note
-------+----------+-------------------------------------------
     0 | D:1      | pstr the Naga Earth Elementalist began the quest for the Orb.
     0 | D:1      | Reached XP level 1. HP: 15/15 MP: 3/3
   148 | D:1      | Reached XP level 2. HP: 22/22 MP: 3/5
   422 | D:1      | Reached XP level 3. HP: 30/30 MP: 2/6
   464 | D:1      | Learned a level 3 spell: Stone Arrow
  2167 | D:2      | Found a shattered altar of Ashenzari.
  2626 | D:2      | Found a runed door.
  2630 | D:2      | Noticed Crazy Yiuf
  2633 | D:2      | Killed Crazy Yiuf
  2633 | D:2      | Reached skill level 1 in Conjurations
  2633 | D:2      | Reached XP level 4. HP: 37/37 MP: 0/8
  3756 | D:3      | Reached XP level 5. HP: 43/43 MP: 5/9
  3979 | D:3      | Noticed an ice beast
  3986 | D:3      | Killed an ice beast
  4093 | D:3      | Found a hide-covered altar of Uskayaw.
  4362 | D:4      | Noticed Edmund
  4369 | D:3      | Reached XP level 6. HP: 19/50 MP: 0/12
  4689 | D:3      | HP: 1/50 [Edmund/dire flail of crushing (2)]
  4694 | D:3      | HP: 1/50 [Edmund/dire flail of crushing (7)]
  4694 | D:3      | Slain by Edmund

Skill      XL: |  1  2  3  4  5 |
---------------+----------------+-----
Conjurations   | 1 |  1.8
Spellcasting   | 3 4 |  4.1
Earth Magic    | 4 |  4.5
Fighting       | |  0.6
Dodging        | |  1.9
Stealth        | |  3.9
Transmutations | |  1.0

Action                   |  1- 3 |  4- 6 || total
-------------------------+-------+-------++-------
Melee: Unarmed           |     1 |       ||     1
       Short sword       |    23 |    10 ||    33
 Cast: Sandblast         |    26 |    34 ||    60
       Stone Arrow       |    19 |    20 ||    39
 Abil: Spit Poison       |     8 |    10 ||    18
  Use: Potion            |       |     2 ||     2
       Scroll            |       |     1 ||     1
  Eat: Chunk             |     7 |     8 ||    15
Armor: Robe              |     2 |     6 ||     8
Dodge: Dodged            |    17 |    27 ||    44
